AoeStats
← Tanana

African Clearing

504067660Analyzed
4v4 RM · 28d ago on Sep 3, 2026· 44m 26s· 8 players
Game mode
Random Map
Map size
Large (8 player)
Population
200
Speed
Normal
Resources
Standard
Victory
Conquest
Starting age
Dark Age
Ending age
Imperial Age
RankedLock teamsTeams togetherTeam positionsShared explorationLock speedFull tech treeHidden civsTurbo modeCheats
Victory
Defeat
🇩🇪 Vikings · Germany
1330
+15
🇩🇪 Ethiopians · Germany
1312
+15
🇩🇪 Persians · Germany
1312
+16
🇩🇪 Mapuche · Germany
1308
+16
🇦🇷 Britons · Argentina
1344
-18
🇸🇰 Romans · Slovakia
1304
-15
🇺🇸 Malay · United States
1289
-15
🇦🇷 Dravidians · Argentina
1275
-14
I still hate Goths
3:03 Loom
12:47 Feudal Age
16:20 Castle Age
14:28 Double-Bit Axe
16:12 Scale Barding Armor
21:50 Chain Barding Armor
22:42 Horse Collar
23:37 Bloodlines
31:06 Wheelbarrow
32:50 Husbandry
37:11 Imperial Age
34:37 Fletching
34:21 Light Cavalry
36:17 Bow Saw
36:30 Forging
36:50 Bodkin Arrow
38:06 Plate Barding Armor
36:58 Cavalier
39:04 Iron Casting
42:09 Hand Cart
44:07 Savar
Fürst Zono
3:43 Loom
12:37 Feudal Age
15:10 Fletching
19:59 Double-Bit Axe
24:14 Castle Age
23:08 Padded Archer Armor
23:16 Horse Collar
25:06 Bodkin Arrow
24:32 Crossbowman
26:58 Ballistics
33:44 Heavy Plow
34:02 Bow Saw
34:01 Heavy Plow
42:30 Town Watch
I still love Koreans
3:39 Loom
13:32 Feudal Age
17:27 Castle Age
15:36 Double-Bit Axe
16:10 Horse Collar
17:47 Wheelbarrow
23:05 Bow Saw
23:00 Heavy Plow
23:47 Town Watch
23:55 Fletching
27:24 Hand Cart
28:19 Elite Skirmisher
28:57 Bodkin Arrow
30:57 Padded Archer Armor
31:03 Gold Mining
31:04 Stone Mining
32:38 Leather Archer Armor
35:26 Imperial Age
34:33 Ballistics
34:24 Masonry
36:39 Ring Archer Armor
35:35 Elite Bolas Rider
37:18 Chemistry
37:05 Gold Shaft Mining
37:33 Malon
38:43 Conscription
38:30 Butalmapu
39:24 Stone Shaft Mining
41:46 Crop Rotation
42:10 Coinage
42:51 Hoardings
42:17 Arrowslits
43:03 Architecture
42:38 Siege Engineers
44:23 Scale Mail Armor
44:33 Forging
Tanana
3:18 Loom
13:16 Feudal Age
18:12 Castle Age
17:14 Double-Bit Axe
17:11 Horse Collar
17:27 Fletching
20:00 Bodkin Arrow
32:51 Bow Saw
32:45 Padded Archer Armor
37:58 Thumb Ring
37:15 Crossbowman
38:52 Wheelbarrow
40:40 Leather Archer Armor
41:21 Ballistics
42:04 Heavy Plow
Non faux pa
11:56 Loom
14:03 Feudal Age
14:06 Loom
21:58 Castle Age
20:28 Forging
30:01 Double-Bit Axe
34:06 Fishing Lines
34:56 Gillnets
38:40 Iron Casting
38:24 Arson
38:40 Squires
39:58 Bow Saw
43:35 Wheelbarrow
46:55 Imperial Age
Riky
4:31 Loom
13:04 Feudal Age
13:34 Double-Bit Axe
14:28 Town Watch
15:39 Arson
17:56 Fishing Lines
21:08 Wheelbarrow
24:03 Castle Age
23:02 Fletching
23:25 Padded Archer Armor
24:52 Bodkin Arrow
25:33 Bow Saw
28:38 Leather Archer Armor
30:18 Pikeman
32:30 Husbandry
33:01 Hand Cart
33:11 Gold Mining
35:57 Horse Collar
36:54 Medical Corps
37:47 Scale Barding Armor
37:54 Stone Mining
38:22 Thumb Ring
40:27 Ballistics
42:38 Imperial Age
40:16 Squires
40:17 Scale Mail Armor
40:27 Forging
40:33 Town Patrol
40:24 Elite Skirmisher
42:00 Medium Warships
41:40 Gillnets
42:28 Chain Mail Armor
42:49 Iron Casting
42:07 Man-at-Arms
43:13 Murder Holes
43:29 Masonry
43:22 Bracer
44:24 Chemistry
42:53 Halberdier
44:41 Plate Mail Armor
45:20 Two-Man Saw
44:30 Heavy Plow
smurfik
11:52 Loom
13:56 Feudal Age
18:55 Castle Age
24:04 Wheelbarrow
27:35 Double-Bit Axe
28:45 Town Watch
30:42 Scale Mail Armor
30:52 Forging
32:04 Hand Cart
32:08 Pikeman
36:13 Imperial Age
34:27 Squires
34:56 Chain Mail Armor
36:35 Iron Casting
35:46 Horse Collar
36:56 Halberdier
38:38 Heavy Plow
38:05 Capped Ram
42:57 Blast Furnace
TanjiroK
3:53 Loom
14:36 Feudal Age
15:18 Town Watch
18:56 Castle Age
17:03 Double-Bit Axe
17:49 Horse Collar
20:43 Fletching
21:19 Bodkin Arrow
Connection lost

Rejoining the realm…

Still unreachable

The connection could not be restored.

Session expired

The server has moved on; the page needs a fresh start.